 Dungeon Crawl Stone Soup version 0.27-a0-1442-g87b6fcb595 (webtiles) character file.

Game seed: 5468358132352503399

41 wakim the Insei (level 3, -4/23 HPs)
             Began as an Octopode Transmuter on July 4, 2021.
             Slain by a gnoll (8 damage)
             ... on level 2 of the Dungeon.
             The game lasted 00:03:33 (1511 turns).

wakim the Insei (Octopode Transmuter)               Turns: 1511, Time: 00:03:33

Health: -4/23      AC:  1    Str:  9    XL:     3   Next: 52%
Magic:  3/6        EV: 13    Int: 15    God:
Gold:   18         SH:  5    Dex: 13    Spells: 3/6 levels left

rFire    . . .     SeeInvis .     - Unarmed
rCold    . . .     Faith    .   (no shield)
rNeg     . . .     Spirit   .   (helmet currently unavailable)
rPois    .         Reflect  +   c - amulet of reflection
rElec    .         Harm     .   (no ring)
rCorr    .         Rampage  .   (no ring)
Will     .....                  (no ring)
Stlth    +++.......             (no ring)
HPRegen  0.07/turn              (no ring)
MPRegen  0.10/turn              (no ring)
                                (no ring)
                                (no ring)

@: appendages (expiring), wereblooded
A: tentacle spike 3, almost no armour, amphibious, 8 rings, camouflage 1,
gelatinous body 1, (nimble swimmer 1), tentacles
a: End Transformation


You were on level 2 of the Dungeon.
One of your tentacles had grown a beastly spike.
You visited 1 branch of the dungeon, and saw 2 of its levels.

You collected 18 gold pieces.

Inventory:

Missiles
 f - 20 poisoned darts
Jewellery
 c - an amulet of reflection (around mantle)
Scrolls
 a - 3 scrolls of silence {unknown}
 b - a scroll of brand weapon {unknown}
 d - a scroll of fear {unknown}
 e - a scroll of fog {unknown}


   Skills:
 - Level 1.0 Fighting
 * Level 3.0 Dodging
 + Level 1.8 Stealth
 + Level 3.3 Unarmed Combat
 - Level 2.0 Spellcasting
 - Level 2.0 Transmutations


You had 3 spell levels left.
You knew the following spells:

 Your Spells              Type           Power      Damage    Failure   Level
a - Beastly Appendage     Tmut           14%        N/A       10%         1
b - Wereblood             Tmut           7%         N/A       14%         2

Your spell library contained the following spells:

 Spells                   Type           Power      Damage    Failure   Level
 Blink                    Tloc           N/A        N/A       32%         2
 Spider Form              Tmut/Pois      2%         N/A       41%         3
 Lesser Beckoning         Tloc           0%         N/A       54%         3
 Ice Form                 Ice/Tmut       4%         N/A       82%         4
 Manifold Assault         Tloc           1%         N/A       99%         5


Dungeon Overview and Level Annotations

Branches:
Dungeon (2/15)

Altars:


Innate Abilities, Weirdness & Mutations

One of your tentacles has grown a beastly spike.
You cannot wear most types of armour.
You are amphibious.
You can wear up to eight rings at the same time.
Your skin changes colour to match your surroundings (Stealth+).
Your rubbery body absorbs attacks. (AC +1, EV +1)
((You are camouflaged near water. (Stealth+)))
You have tentacles for arms and can constrict up to eight enemies at once.


Message History

You see here 20 stones.
You see here 20 poisoned darts.
Found a scroll labelled TISMISTR FYMAATE.
You see here 15 stones.
e - a scroll labelled TISMISTR FYMAATE You see here 24 stones. 2 gnolls come into view.
You see here 24 stones.
You see here 15 stones.
You see here 20 poisoned darts.
f - 20 poisoned darts Search for what [? for help]? thro You see here a +0 dagger.
Found a yellow potion.
Casting: Beastly Appendage (safe; 10% risk of failure)
Confirm with . or Enter, or press ? or * to list all spells.
One of your tentacles grows a vicious spike.
Casting: Beastly Appendage (safe; 10% risk of failure)
Confirm with . or Enter, or press ? or * to list all spells.
Your blood is infused with primal strength.
A gnoll comes into view. It is wielding a +0 spear.
Your transformation is almost over.
The gnoll shouts!
You hear a shout!
The gnoll shouts!
The gnoll barely misses you. The gnoll completely misses you.
The gnoll closely misses you.
You tentacle-slap the gnoll but do no damage.
You grab the gnoll. You constrict the gnoll. You block the gnoll's attack.
The gnoll hits you from afar with a +0 spear. x2
You barely miss the gnoll.
You pierce the gnoll.
Your squeeze misses the gnoll.
The gnoll is heavily wounded.
You constrict the gnoll. The gnoll barely misses you. x2
You block the gnoll's attack.
You tentacle-slap the gnoll. You squeeze the gnoll.
The gnoll is almost dead.
You constrict the gnoll.
You feel a bit better.
You kill the gnoll!
The gnoll hits you from afar with a +0 spear!
* * * LOW HITPOINT WARNING * * *
The gnoll hits you from afar with a +0 spear!
You die... ... .. ...######P .!..P...... ....#.P.... #.#....#...... #####......#....P. #gg

.....#.#...P.. ## ##)#
#...#.#.P.†P.
#...#@####..##.###+.P#
#.#...................
#...#.###...#.#.##....
##.##<###.).#........#
##.##........##.......
#...#####.##.##....<.>
#...# #.##.##.......
#...# #.......##....
##(## #....<..##....


You could see 2 gnolls.

Vanquished Creatures
  2 gnolls
  A dart slug (D:1)
  2 bats (D:1)
  2 endoplasms (D:1)
  A giant cockroach (D:1)
  2 goblins (D:1)
  3 hobgoblins (D:1)
  3 jackals (D:1)
  A quokka (D:1)
  3 ball pythons
  2 frilled lizards (D:1)
  3 kobolds (D:1)
  4 rats (D:1)
29 creatures vanquished.

Vanquished Creatures (others)
  A plant (D:2)
1 creature vanquished.

Grand Total: 30 creatures vanquished

Notes
Turn   | Place    | Note
-------+----------+-------------------------------------------
     0 | D:1      | wakim the Octopode Transmuter began the quest for the Orb.
     0 | D:1      | Reached XP level 1. HP: 13/13 MP: 3/3
   106 | D:1      | Found a faded altar of an unknown god.
   136 | D:1      | Reached XP level 2. HP: 8/18 MP: 3/5
   140 | D:1      | Reached skill level 1 in Stealth
   715 | D:1      | Reached XP level 3. HP: 14/23 MP: 3/6
  1366 | D:2      | Learned a level 2 spell: Wereblood
  1511 | D:2      | Slain by a gnoll

Illustrated notes

Levels and vault maps discovered:
D:1:      nagdon_arrival_zigzag_paths, layout_basic,
          hellmonk_ecumenical_altar_leap_of_faith, minmay_ruptured
D:2:      cheibrodos_old_hovel, layout_loops_cross, serial_shops, shop,
          nrook_mini_vaults, uniq_robin

Skill      XL: |  1  2  3 |
---------------+----------+-----
Stealth        | 1 |  1.8
Dodging        | 3 |  3.0
Fighting       | |  1.0
Unarmed Combat | |  3.3
Spellcasting   | |  2.0
Transmutations | |  2.0

Action                   || total
-------------------------++-------
Melee: Unarmed           ||    67
       Constrict         ||    19
       Kick              ||    14
       Tentacles         ||     9
       Punch             ||     1
 Cast: Beastly Appendage ||    12
       Wereblood         ||     1
 Stab: Sleeping          ||     4
Armor: Skin              ||     4
Dodge: Dodged            ||    44
Block: Other             ||     7

Table legend: (Time is in decaauts)
 A = Elapsed time spent in this place.
 B = Non-inter-level travel time spent in this place.
 C = Inter-level travel time spent in this place.
 D = Time resting spent in this place.
 E = Time spent auto-exploring this place.
 F = Levels seen in this place.
 G = Mean time per level.
                   A        B        C        D        E       F      G
               +--------+--------+--------+--------+--------+-----+--------+
         Total |   1507 |   1453 |     54 |    206 |   1030 |   2 |  753.5 |
       Dungeon |   1507 |   1453 |     54 |    206 |   1030 |   2 |  753.5 |
               +--------+--------+--------+--------+--------+-----+--------+

Top non-repeatable levels by time:
     D:1: 1350 daAuts
     D:2: 156 daAuts
